 Dungeon Crawl Stone Soup version 0.30-a0-782-ge64f9170bb (webtiles) character file.

Game seed: 6428128860864103194

6622 arthad the Summoner (level 10, -5/44 HPs)
             Began as a Felid Summoner on Feb 18, 2023.
             Was an Initiate of Gozag.
             Shot with an arrow by a centaur warrior (21 damage)
             ... on level 13 of the Dungeon.
             The game lasted 00:40:49 (13845 turns).

arthad the Summoner (Felid Summoner)               Turns: 13845, Time: 00:40:49

Health: -5/44      AC:  2    Str:  4    XL:     10   Next: 72%
Magic:  16/22      EV: 22    Int: 26    God:    Gozag
Gold:   1698       SH:  0    Dex: 18    Spells: 12/24 levels left
                                        Lives:  0   Deaths: 3

rFire   . . .      SeeInvis +      - Unarmed
rCold   . . .      Faith    .    (shield unavailable)
rNeg    . . .      Spirit   .    (body armour unavailable)
rPois   .          Reflect  .    (helmet unavailable)
rElec   .          Harm     .    (cloak unavailable)
rCorr   .          Rampage  .    (gloves unavailable)
Will    +....                    (boots unavailable)
Stlth   ++                       y - amulet of magic regeneration
HPRegen 0.27/turn                u - +6 ring of intelligence
MPRegen 0.58/turn                (no ring)

@: about to teleport, gold aura, studying Translocations, quick
A: very small, claws 1, fangs 3, see invisible, speed 1, shaggy fur 2, stealthy
paws, no weapons or thrown items, no armour, multi-lived
a: Renounce Religion, Potion Petition, Call Merchant, Bribe Branch


You were on level 13 of the Dungeon.
You worshipped Gozag.
Gozag was most pleased with you.
You visited 2 branches of the dungeon, and saw 13 of its levels.
You also visited: Sewer and Bailey.

You collected 1824 gold pieces.
You paid 126 gold pieces to Gozag.

Inventory:

Armour
 m - the +1 pair of gloves of Mantekis {rPois rN+ Stlth-}
   (You found it on level 4 of the Dungeon)

   rPois:     It protects you from poison.
   rN:        It protects you from negative energy.
   Stlth:     It makes you less stealthy.
 H - the +0 leather armour of Freedom {rF+}
   (You found it on level 10 of the Dungeon)

   rF:        It protects you from fire.
Jewellery
 i - a ring of fire
 p - an amulet of guardian spirit
 r - a ring of ice
 u - a +6 ring of intelligence (left paw)
 y - an amulet of magic regeneration (around neck)
Wands
 v - a wand of mindburst (17)
 B - a wand of polymorph (7)
 G - a wand of flame (13)
Scrolls
 c - 2 scrolls of noise
 d - 9 scrolls of identify
 f - 2 scrolls of amnesia
 h - 3 scrolls of blinking
 k - 3 scrolls of fear
 l - 4 scrolls of fog
 n - 2 scrolls of butterflies
 F - a scroll of magic mapping {unknown}
 I - a scroll of poison
Potions
 a - 4 potions of magic
 b - 3 potions of attraction
 e - a potion of resistance
 g - 5 potions of flight
 j - 2 potions of brilliance {unknown}
 o - 2 potions of curing
 q - 2 potions of haste
 s - a potion of ambrosia {unknown}
 t - a potion of degeneration
 x - a potion of might {unknown}
 z - a potion of lignification {unknown}
 A - 2 potions of mutation {unknown}
 D - a potion of cancellation {unknown}
 J - a potion of berserk rage {unknown}
Miscellaneous
 C - a lightning rod (4/4)


   Skills:
 + Level 5.4 Fighting
 + Level 7.9 Dodging
 - Level 2.6 Stealth
 + Level 5.6 Unarmed Combat
 * Level 7.7 Spellcasting
 - Level 8.0 Hexes
 * Level 9.6 Summonings
 * Level 7.3 Air Magic
 + Level 2.1 Evocations


You had 12 spell levels left.
You knew the following spells:

 Your Spells              Type           Power      Damage    Failure   Level
a - Summon Lightning Spi  Summ/Air       53%        N/A       1%          4
b - Call Imp              Summ           57%        N/A       1%          2
c - Call Canine Familiar  Summ           57%        N/A       1%          3
d - Summon Guardian Gole  Hex/Summ       54%        N/A       1%          3

Your spell library contained the following spells:

 Spells                   Type           Power      Damage    Failure   Level
 Summon Small Mammal      Summ           100%       N/A       1%          1
 Vhi's Electric Charge    Tloc/Air       58%        N/A       3%          3
 Beastly Appendage        Tmut           20%        N/A       6%          1
 Magic Dart               Conj           40%        1d5       6%          1
 Mephitic Cloud           Conj/Pois/Air  22%        N/A       6%          3
 Wereblood                Tmut           10%        N/A       9%          2
 Spider Form              Tmut/Pois      10%        N/A       17%         3
 Arcjolt                  Conj/Air       14%        1d24      34%         5
 Conjure Ball Lightning   Conj/Air       14%        3x3d6     89%         6
 Discord                  Hex            25%        N/A       100%        8
 Disjunction              Tloc           5%         N/A       100%        8
 Maxwell's Capacitive Co  Air            24%        ∞         100%        8


Dungeon Overview and Level Annotations

Branches:
Dungeon (11/15)            Temple (1/1) D:6             Orc (0/2) D:10
  Sewer (visited)          Bailey (visited)
   Lair: D:8-11

Altars:
Ashenzari
Cheibriados
Dithmenos
Elyvilon
Fedhas
Gozag
Hepliaklqana
Kikubaaqudgha
Makhleb
Nemelex Xobeh
Okawaru
Qazlal
Ru
Sif Muna
Trog
Uskayaw
Vehumet
Wu Jian
Xom
Yredelemnul
Zin
The Shining One

Portals:
Trove: D:11 (give 13 potions of heal wounds)

Annotations:
D:10 1 runed translucent door, runemasterragnar's ghost, novice MiHu


Innate Abilities, Weirdness & Mutations

You have sharp claws.
You have razor-sharp teeth.
You have supernaturally acute eyesight. (SInv)
You cover ground quickly. (Speed+)
You are covered in thick fur. (AC +2)
Your paws help you pounce on unaware monsters.
You are incapable of wielding weapons or throwing items.
You cannot wear armour.
You gain extra lives every three experience levels.


Message History

The tengu warrior barely misses your warg.
The tengu conjurer hits your warg.
The tengu conjurer pecks your warg but does no damage.
The tengu conjurer claws your warg.
Your warg barely misses the tengu warrior.
A vampire mosquito comes into view.
Your crimson imp hits the tengu warrior but does no damage.
Your warg misses the tengu warrior. The tengu warrior misses your warg.
The tengu warrior pecks your warg.
The tengu warrior barely misses your warg.
The tengu conjurer gestures wildly while chanting.
The tengu conjurer conjures a globe of magical energy!
Your warg bites the tengu warrior!
Flame seeps out of the tengu warrior.
Your crimson imp closely misses the tengu warrior.
A battlesphere comes into view.
Aiming: Mindburst
Press: ? - help, Shift-Dir - straight line, f - tengu warrior
Aim: a tengu warrior, wielding a +0 great mace and wearing a +0 chain mail (flame, severely wounded, inner flame, not watching you, ally target, chance to affect: 57%)
The tengu warrior's mind is blasted!!
The tengu warrior explodes!
The fiery explosion engulfs your warg!
Your warg is severely wounded.
The fiery explosion engulfs your crimson imp.
Your crimson imp completely resists.
Your warg disappears in a puff of smoke!
You hear a shout! x2
A centaur comes into view.
The centaur warrior wields a +0 shortbow.
The centaur warrior shoots an arrow.
The arrow hits your guardian golem!
As you read the scroll labelled VUSOFI ILOITTA, it crumbles to dust.
You feel strangely unstable.
It was a scroll of teleportation.
The centaur is distracted by your dazzling golden aura.
The vampire mosquito bites your guardian golem.
The centaur warrior shoots an arrow.
The arrow hits you!!
Your guardian golem overheats!
Your crimson imp blinks!
The vampire mosquito barely misses you.
The vampire mosquito closely misses you.
The centaur warrior shoots an arrow.
The arrow hits you!!
You die...
Your body crumbles into a pile of gold.

##.......###8#..#
.....#..##..##.# #
#...#..##.## .# #.
#......##.# ..
#.###..y.#.##.# ... $
.#..........c..#######.
......5>....###.....(..
.......yy.#.....######. #
.......y@.##.##...# ..
....(.9.8.#..####.# ..
.......Q*§§.## #.## #.
........§°§######○.### #.
c.......§§§....$.....###.
......?.....######.......
............# ###.....
...........$# ####..
..$.........# #..


You could see a centaur warrior, a tengu conjurer (inner flame, ally target), 4
vampire mosquitoes, a battlesphere (distracted, ally target), a friendly
guardian golem (summoned, inner flame), a friendly lightning spire (summoned,
sheltered) and a friendly crimson imp (summoned, sheltered).

Vanquished Creatures
  A tengu warrior (D:13)
  A necrophage (D:7)
  A killer bee (D:9)
  An orc wizard (D:5)
  An adder (D:6)
  3 white imps
  2 orcs
  2 bats (D:2)
  A giant cockroach (D:6)
  A kobold (D:1)
  A quokka (D:5)
  A ball python (D:1)
  A rat (D:6)
17 creatures vanquished.

Vanquished Creatures (collateral kills)
  A two-headed ogre (D:8)
  Pikel (D:6)
  A kobold demonologist (D:11)
  2 hornets
  2 shadows
  A wyvern (D:9)
  8 yaks (D:9)
  Eustachio (D:5)
  A steam dragon (D:8)
  An acid dragon (D:10)
  A water moccasin (D:8)
  2 ice beasts (D:7)
  A sky beast (D:8)
  5 orc warriors
  2 black bears
  3 centaurs
  3 kobold brigands
  8 bullfrogs
  2 gnoll sergeants (D:9)
  4 scorpions
  8 wights
  9 killer bees
  7 orc priests
  A hound (D:5)
  A gnoll bouda (D:7)
  4 iguanas
  9 orc wizards
  A hell rat (Sewer)
  15 gnolls
  7 adders
  A river rat (Sewer)
  A shadow imp (D:7)
  3 white imps
  An ufetubus (D:4)
  3 worms
  4 dart slugs
  33 orcs
  13 ball pythons
  6 bats
  6 endoplasms
  4 giant cockroaches
  11 goblins
  6 hobgoblins
  2 jackals (D:2)
  A quokka (D:6)
  7 frilled lizards
  31 kobolds
  12 rats
257 creatures vanquished.

Vanquished Creatures (others)
  A two-headed ogre (D:11)
  An ugly thing (D:13)
  A komodo dragon (D:10)
  Sigmund (D:6)
  A yak (D:9)
  A wraith (D:10)
  A water moccasin (D:5)
  Duvessa (D:5)
  2 orc warriors
  2 black bears
  3 centaurs
  4 lemures (D:6)
  Blork the orc (D:6)
  A bullfrog (D:6)
  A scorpion (D:5)
  A wight (D:8)
  Dowan (D:5)
  A killer bee (D:9)
  A hound (D:6)
  Crazy Yiuf (D:6)
  An orc wizard (D:9)
  3 iguanas
  A gnoll (D:9)
  3 orcs (D:4)
  2 kobolds (D:6)
  4 plants (D:2)
41 creatures vanquished.

Grand Total: 315 creatures vanquished

Notes
Turn   | Place    | Note
-------+----------+-------------------------------------------
     0 | D:1      | arthad the Felid Summoner began the quest for the Orb.
     0 | D:1      | Reached XP level 1. HP: 7/7 MP: 4/4
   239 | D:1      | Reached XP level 2. HP: 8/11 MP: 1/6
   367 | D:1      | Learned a level 2 spell: Call Imp
   567 | D:1      | Reached skill level 5 in Summonings
   692 | D:1      | Reached XP level 3. HP: 14/14 MP: 4/7
   696 | D:1      | Learned a level 3 spell: Call Canine Familiar
  1648 | D:2      | Reached XP level 4. HP: 18/18 MP: 8/8
  1676 | D:2      | Noticed a black bear
  1694 | D:2      | Killed a black bear
  1695 | D:2      | Reached skill level 1 in Air Magic
  1695 | D:2      | Reached XP level 5. HP: 21/21 MP: 0/9
  2059 | D:2      | Reached skill level 1 in Fighting
  2333 | D:2      | Reached skill level 1 in Unarmed Combat
  2549 | D:3      | Gained mutation: You are covered in thick fur. (AC +2)
                  | [Felid growth]
  2549 | D:3      | Reached XP level 6. HP: 25/25 MP: 7/11
  2553 | D:3      | Learned a level 3 spell: Summon Guardian Golem
  3838 | D:4      | Reached XP level 7. HP: 20/28 MP: 2/12
  3847 | D:4      | Shot with an arrow by a centaur
  3848 | D:4      | Reached XP level 6. HP: -2/25 MP: 0/11
  3883 | D:4      | Identified the +1 pair of gloves of Mantekis {rPois rN+
                  | Stlth-}
  3897 | D:4      | Found a bloodstained altar of Trog.
  3906 | D:4      | Found a shimmering altar of Xom.
  4204 | D:5      | Entered Level 5 of the Dungeon
  4341 | D:5      | Noticed a water moccasin
  4468 | D:5      | Noticed Duvessa
  4468 | D:5      | Noticed Dowan
  4506 | D:5      | Mangled by Duvessa
  4507 | D:5      | Reached XP level 5. HP: -8/22 MP: 3/11
  4542 | D:5      | Killed a water moccasin
  4543 | D:5      | Reached skill level 6 in Summonings
  4543 | D:5      | Reached XP level 6. HP: 26/26 MP: 1/12
  5025 | D:5      | Killed Duvessa
  5026 | D:5      | Reached skill level 5 in Hexes
  5026 | D:5      | Reached XP level 7. HP: 30/30 MP: 8/13
  5033 | D:5      | Killed Dowan
  5413 | D:5      | Learned a level 4 spell: Summon Lightning Spire
  5495 | D:5      | Noticed Eustachio
  5510 | D:5      | Killed Eustachio
  5566 | D:5      | Reached XP level 8. HP: 34/34 MP: 15/15
  6564 | D:6      | Noticed Pikel
  6564 | D:6      | Noticed Sigmund
  6580 | D:6      | Killed Sigmund
  6640 | D:6      | Killed Pikel
  6641 | D:6      | Reached skill level 5 in Dodging
  6641 | D:6      | Reached skill level 7 in Summonings
  6862 | D:6      | Noticed Blork the orc
  6926 | D:6      | Killed Blork the orc
  6927 | D:6      | Reached skill level 5 in Spellcasting
  6927 | D:6      | Reached XP level 9. HP: 35/38 MP: 2/17
  7131 | D:6      | Found a glowing drain.
  7141 | Sewer    | Entered a sewer
  7351 | D:6      | Found a staircase to the Ecumenical Temple.
  7458 | Temple   | Entered the Ecumenical Temple
  7741 | Temple   | Became a worshipper of Gozag Ym Sagoz the Greedy
  7858 | D:6      | Found a runed translucent door.
  7859 | D:6      | Noticed Crazy Yiuf
  8270 | D:6      | Killed Crazy Yiuf
  8796 | D:7      | Reached skill level 5 in Air Magic
  9838 | D:8      | Noticed a two-headed ogre
  9846 | D:8      | Killed a two-headed ogre
  9847 | D:8      | Reached skill level 8 in Summonings
 10067 | D:8      | Reached XP level 10. HP: 42/42 MP: 8/20
 10276 | D:8      | Found a shimmering blue altar of Sif Muna.
 11119 | D:9      | Found a flagged portal.
 11134 | Bailey   | Entered a bailey
 11347 | Bailey   | Reached skill level 5 in Unarmed Combat
 11739 | D:9      | Reached skill level 9 in Summonings
 11935 | D:9      | Reached skill level 5 in Fighting
 11956 | D:9      | Reached XP level 11. HP: 22/47 MP: 19/22
 12611 | D:10     | Entered Level 10 of the Dungeon
 12686 | D:10     | Identified the +0 leather armour of Freedom {rF+}
 12855 | D:10     | Reached skill level 1 in Evocations
 12933 | D:10     | Found a staircase to the Orcish Mines.
 13154 | D:10     | Found a runed translucent door.
 13154 | D:10     | Found a shimmering altar of Xom.
 13154 | D:10     | Noticed runemasterragnar's ghost (novice MiHu)
 13155 | D:10     | Noticed a +1 quarterstaff of chaos
 13504 | D:11     | Noticed a boulder beetle
 13522 | D:10     | Slain by a boulder beetle
 13523 | D:10     | Reached XP level 10. HP: 0/44 MP: 17/22
 13560 | D:11     | Noticed a two-headed ogre
 13580 | D:11     | Killed a two-headed ogre
 13718 | D:11     | Found a portal to a secret trove of treasure.
 13760 | D:11     | You fall into a shaft and drop 2 floors!
 13769 | D:13     | Noticed a green ugly thing
 13779 | D:13     | Killed a green ugly thing
 13805 | D:13     | Noticed a centaur warrior
 13810 | D:13     | HP: 1/44 [centaur warrior/arrow (16)]
 13829 | D:13     | Noticed a tengu warrior
 13843 | D:13     | Killed a tengu warrior
 13845 | D:13     | Shot with an arrow by a centaur warrior

Illustrated notes

Levels and vault maps discovered:
D:1:      lemuel_arrival_behind_the_door_large, layout_rooms, st_stairs_8,
          minmay_tall_x
D:2:      layout_loops_corners, serial_bayou_lagoon_a
D:3:      layout_basic
D:4:      layout_rooms, mainiacjoe_overflow_swirl, minmay_manual_mares
D:5:      layout_basic, uniq_duvessa, uniq_eustachio
D:6:      layout_loops_cross, lemuel_temple_firewalk_a, gup_sewer_entry_bubbles,
          uniq_pikel, uniq_sigmund, uniq_blork_the_orc, uniq_crazy_yiuf_cottage
D:7:      layout_basic
D:8:      layout_cave_pools, lemuel_crystal_altar, serial_park,
          serial_park_tiny_2, serial_park_gazebo [serial_park_minivault_5x5_3],
          serial_park_square2, serial_park_tiny_pond, serial_park_tiny_1
D:9:      layout_grid_maze, enter_bailey_8
D:10:     layout_loops_ring, orc_0_dummy, ebering_ghost_xom
D:11:     layout_rooms, lair_entry_dummy, enter_trove_0, serial_shops,
          nicolae_shop_window_shopping
D:13:     layout_rooms, david_vaults_3
Temple:   compressed_dpeg_triangle_lava_temple

Skill      XL: |  1  2  3  4  5  6  7  8  9 10 11 |
---------------+----------------------------------+-----
Summonings     | 5 6 7 8 9 |  9.6
Dodging        | 3 4 5 6 7 |  7.9
Hexes          | 2 5 7 8 |  8.0
Air Magic      | 1 3 4 5 6 7 |  7.3
Fighting       | 1 2 3 4 5 |  5.4
Unarmed Combat | 1 2 3 4 5 |  5.6
Spellcasting   | 3 4 5 6 7 |  7.7
Evocations     | 2 1 |  2.1
Stealth        | |  2.6

Action                     |  1- 3 |  4- 6 |  7- 9 | 10-12 || total
---------------------------+-------+-------+-------+-------++-------
  Melee: Unarmed           |    16 |    16 |    51 |     8 ||    91
         Bite              |     3 |     2 |    10 |     2 ||    17
         Punch             |     2 |       |       |       ||     2
   Cast: Summon Small Mamm |    36 |    22 |       |       ||    58
         Call Imp          |     5 |    23 |    14 |     5 ||    47
         Call Canine Famil |     7 |    28 |    38 |    20 ||    93
         Summon Guardian G |       |    19 |    26 |    36 ||    81
         Summon Lightning  |       |       |    12 |    55 ||    67
  Evoke: Wand              |       |       |       |     1 ||     1
         Lightning rod     |       |       |       |     1 ||     1
    Use: Scroll            |       |     7 |     8 |     4 ||    19
         Potion            |       |     3 |     2 |     2 ||     7
   Stab: Sleeping          |       |       |     2 |       ||     2
 Armour: Skin              |     2 |     5 |     7 |     3 ||    17
  Dodge: Dodged            |    32 |    56 |    90 |    63 ||   241

Table legend: (Time is in decaauts)
 A = Elapsed time spent in this place.
 B = Non-inter-level travel time spent in this place.
 C = Inter-level travel time spent in this place.
 D = Time resting spent in this place.
 E = Time spent auto-exploring this place.
 F = Levels seen in this place.
 G = Mean time per level.
                   A        B        C        D        E       F      G
               +--------+--------+--------+--------+--------+-----+--------+
         Total |  12275 |  11917 |    358 |     49 |   8894 |  15 |  818.3 |
       Dungeon |  11440 |  11083 |    357 |     49 |   8366 |  12 |  953.3 |
        Temple |    233 |    233 |      0 |      0 |    207 |   1 |  233.0 |
         Sewer |    173 |    173 |      0 |      0 |     97 |   1 |  173.0 |
        Bailey |    428 |    428 |      0 |      0 |    224 |   1 |  428.0 |
               +--------+--------+--------+--------+--------+-----+--------+

Top non-repeatable levels by time:
     D:5: 1826 daAuts
     D:6: 1346 daAuts
     D:7: 1285 daAuts
     D:2: 1246 daAuts
     D:9: 1183 daAuts
     D:1: 943 daAuts
     D:4: 898 daAuts
     D:8: 859 daAuts
     D:3: 808 daAuts
    D:10: 765 daAuts
  Bailey: 428 daAuts
  Temple: 233 daAuts
    D:11: 204 daAuts
   Sewer: 173 daAuts
    D:13: 73 daAuts
